 Dungeon Crawl Stone Soup version 0.24-a0-584-g9d6b971 (webtiles) character file.

Game seed: 18359404241434692984, levelgen mode: deterministic

102 DocClef the Cudgeler (level 4, -1/35 HPs)
             Began as a Demonspawn Fighter on Sept 6, 2019.
             Slain by Natasha (6 damage)
             ... on level 2 of the Dungeon.
             The game lasted 00:01:38 (1446 turns).

DocClef the Cudgeler (Demonspawn Fighter)           Turns: 1446, Time: 00:01:40

Health: -1/35      AC:  8    Str: 18    XL:     4   Next: 50%
Magic:  13/13      EV:  7    Int:  9    God:
Gold:   28         SH: 12    Dex: 12    Spells: 3/3 levels left

rFire    . . .     SeeInvis .   a - +0 flail
rCold    . . .     Gourm    .   c - +0 shield
rNeg     . . .     Faith    .   b - +0 scale mail
rPois    .         Spirit   .   j - +0 helmet
rElec    .         Reflect  +   k - +0 cloak
rCorr    .         Harm     .   (no gloves)
MR       .....                  (no boots)
Stlth    ..........             e - +4 amulet of reflection
HPRegen  0.11/turn              h - ring of magical power
MPRegen  0.13/turn              (no ring)

@: slowed, very slow
A: claws 1
a: no special abilities


You were on level 2 of the Dungeon.
You were not hungry.

You visited 1 branch of the dungeon, and saw 2 of its levels.

You collected 28 gold pieces.

Inventory:

Hand Weapons
 a - a +0 flail (weapon)
Armour
 b - a +0 scale mail (worn)
 c - a +0 shield (worn)
 j - a +0 helmet (worn)
 k - a +0 cloak (worn)
Jewellery
 e - a +4 amulet of reflection (around neck)
 h - a ring of magical power (left claw)
 i - an uncursed amulet of the acrobat {unknown}
Scrolls
 g - a scroll of enchant armour {unknown}
Potions
 d - a potion of might
Comestibles
 f - 3 rations
 l - a chunk of flesh


   Skills:
 - Level 3.0 Fighting
 + Level 4.4 Maces & Flails
 - Level 2.6 Armour
 - Level 2.6 Shields


You had 3 spell levels left.
You didn't know any spells.
Your spell library was empty.

Dungeon Overview and Level Annotations

Branches:
Dungeon (2/15)

Altars:

Annotations:
D:2 Natasha


Innate Abilities, Weirdness & Mutations

You have sharp fingernails.


Message History

You closely miss Natasha.
Natasha is almost dead.
You block Natasha's attack. x2
You hit Natasha but do no damage.
Natasha is almost dead.
Natasha stares at you and mumbles some strange words.
The magic dart hits you. Natasha closely misses you.
You closely miss Natasha.
Natasha is almost dead.
Natasha barely misses you.
You closely miss Natasha.
Natasha is almost dead.
Natasha claws you but does no damage. You block Natasha's attack.
You barely miss Natasha.
Natasha is almost dead.
Natasha stares at you and mumbles some strange words.
The magic dart hits you!
* * * LOW HITPOINT WARNING * * *
Natasha claws you.
You die...

#.................'.#
#.##.##...........#+#
#.##.############....
#.##.# ........ #....#
.........
#÷...###+###.# ...#
#....#.......#
#....#.......#
#...@#.......#.#
#....h..÷........
##...#.....#.#../.
######...#.....#.#....
#....'...'............
######...#........?..#
#####...........#
#............
#............


You could see Natasha.

Vanquished Creatures
  Natasha (twice) (D:2)
  Robin (D:2)
  An adder (D:2)
  A leopard gecko (D:2)
  9 goblins
  6 hobgoblins
  3 ball pythons
  2 bats
  A frilled lizard (D:1)
  4 kobolds
  5 rats
35 creatures vanquished.

Notes
Turn   | Place    | Note
-------+----------+-------------------------------------------
     0 | D:1      | DocClef the Demonspawn Fighter began the quest for the Orb.
     0 | D:1      | Reached XP level 1. HP: 18/18 MP: 1/1
    94 | D:1      | Reached skill level 2 in Maces & Flails
   507 | D:1      | Gained mutation: You have sharp fingernails. [demonic
                  | ancestry]
   507 | D:1      | Reached XP level 2. HP: 24/24 MP: 2/2
   856 | D:2      | Noticed Robin
   867 | D:2      | Reached skill level 3 in Maces & Flails
   877 | D:2      | Reached XP level 3. HP: 9/29 MP: 3/3
   881 | D:2      | Killed Robin
  1170 | D:2      | Noticed Natasha
  1177 | D:2      | Killed Natasha
  1205 | D:2      | Reached skill level 4 in Maces & Flails
  1205 | D:2      | Reached XP level 4. HP: 19/35 MP: 4/4
  1392 | D:2      | Noticed Natasha
  1412 | D:2      | Killed Natasha
  1430 | D:2      | Noticed Natasha
  1446 | D:2      | Slain by Natasha

Levels and vault maps discovered:
D:1:      dpeg_arrival_boxorama, layout_basic
D:2:      layout_basic, uniq_natasha, uniq_terence, uniq_robin

Skill      XL: |  1  2  3 |
---------------+----------+-----
Maces & Flails | 2 3 4 |  4.4
Fighting       | |  3.0
Armour         | |  2.6
Shields        | |  2.6

Action                   |  1- 3 |  4- 6 || total
-------------------------+-------+-------++-------
Melee: Flail             |    81 |    38 ||   119
  Eat: Chunk             |       |     2 ||     2
Armor: Scale mail        |    39 |    25 ||    64
Dodge: Dodged            |    10 |    20 ||    30
Block: Shield            |    51 |    42 ||    93
       Reflection        |     1 |       ||     1

Table legend:
 A = Non-vault XP
 B = Vault XP
 C = Vault XP percentage of total XP
 D = Non-vault monster count
 E = Vault monster count
 F = Vault count percentage of total count
                 A         B        C        D         E       F
            +---------+---------+-------+---------+---------+-------
      Total |      76 |      71 |  48.3 |      21 |      14 |  40.0
            +---------+---------+-------+---------+---------+-------
        D:1 |      18 |       0 |   0.0 |      13 |       0 |   0.0
        D:2 |      58 |      71 |  55.0 |       8 |      14 |  63.6
            +---------+---------+-------+---------+---------+-------
